 Dungeon Crawl Stone Soup version 0.21-a0-531-gacddea6 (webtiles) character file.

205 slep the Chopper (level 5, -1/39 HPs)
             Began as a Demonspawn Gladiator on Dec 13, 2017.
             Slain by a gnoll
             ... wielding a +0 spear
              (2 damage)
             ... on level 3 of the Dungeon.
             The game lasted 00:06:05 (1452 turns).

slep the Chopper (Demonspawn Gladiator)             Turns: 1452, Time: 00:06:07

Health: -1/39      AC:  7    Str: 14    XL:     5   Next: 53%
Magic:  5/5        EV: 13    Int:  9    God:
Gold:   112        SH:  6    Dex: 16    Spells: 4/4 levels left

rFire    . . .     SeeInvis .   a - +0 war axe
rCold    . . .     Gourm    .   (no shield)
rNeg     . . .     Faith    .   b - +0 leather armour
rPois    .         Spirit   .   c - +0 helmet
rElec    .         Reflect  +   (no cloak)
rCorr    .         Harm     .   (no gloves)
MR       .....                  (no boots)
Stlth    ++........             u - +6 amulet of reflection
HPRegen  0.13/turn              l - ring of stealth
MPRegen  0.09/turn              (no ring)

@: no status effects
A: yellow scales 2, powered by death 1
a: no special abilities


You were on level 3 of the Dungeon.
You were not hungry.

You visited 1 branch of the dungeon, and saw 3 of its levels.

You collected 112 gold pieces.

Inventory:

Hand Weapons
 a - a +0 war axe (weapon)
Missiles
 d - 3 throwing nets (quivered)
Armour
 b - a +0 leather armour (worn)
 c - a +0 helmet (worn)
Jewellery
 l - a ring of stealth (left hand)
 u - a +6 amulet of reflection (around neck)
Wands
 o - a wand of polymorph (9)
 t - a wand of digging (8)
Scrolls
 e - 2 scrolls of teleportation {unknown}
 g - 3 scrolls of magic mapping {unknown}
 h - a scroll of fear {unknown}
 i - a scroll of amnesia {unknown}
 j - a scroll of identify {unknown}
 m - 3 scrolls of remove curse {unknown}
 q - a scroll of blinking {unknown}
Potions
 n - a potion of degeneration {unknown}
 p - a potion of flight {unknown}
Comestibles
 f - a bread ration
 k - 2 meat rations
 r - 5 chunks of flesh


   Skills:
 + Level 2.7 Fighting
 + Level 4.6 Axes
 + Level 1.8 Throwing
 + Level 1.3 Armour
 + Level 3.3 Dodging
 + Level 0.7 Stealth


You had 4 spell levels left.
You didn't know any spells.

Dungeon Overview and Level Annotations

Branches:
Dungeon (3/15)

Altars:


Innate Abilities, Weirdness & Mutations

You are mostly covered in yellow scales. (AC +3)
You regenerate a little health from kills.


Message History

The gnoll hits you with a whip! The gnoll hits you but does no damage.
The gnoll misses you.
You closely miss the gnoll.
The gnoll is severely wounded.
The gnoll hits you with a whip.
* * * LOW HITPOINT WARNING * * *
You block the gnoll's attack. x2
You slash the gnoll!
You kill the gnoll!
You block the gnoll's attack.
The gnoll hits you from afar with a spear.
* * * LOW HITPOINT WARNING * * *
The gnoll barely misses you.
You hit the hobgoblin.
The hobgoblin is lightly wounded.
The gnoll closely misses you. You block the hobgoblin's attack.
The gnoll hits you from afar with a spear.
* * * LOW HITPOINT WARNING * * *
The gnoll hits you from afar with a spear.
You die...

(.(. .... .#.# #. ..... #.#.##..
..... .......##. [...((
#.........# .....g####.........#
. .....gg.##.........#.#
#@...........#.# ##..#.#
#^.............# ...##.#
#...#...........## #..##.#
......##............# ...##.#
#.#......##........#
......###.#.........#..##..#
...#...##.#.###....#..###..#
....#...#.............##...#
..)..........#...........#.######


You could see 2 gnolls and a hobgoblin.

Vanquished Creatures
  A phantom (D:3)
  Natasha (D:3)
  2 gnolls (D:3)
  An adder (D:2)
  An ooze (D:1)
  2 dart slugs
  A leopard gecko (D:3)
  5 orcs (D:3)
  4 bats
  4 giant cockroaches
  7 goblins
  5 hobgoblins
  4 jackals (D:3)
  7 kobolds
  5 rats
50 creatures vanquished.

Notes
Turn   | Place    | Note
-------+----------+-------------------------------------------
     0 | D:1      | slep the Demonspawn Gladiator began the quest for the Orb.
     0 | D:1      | Reached XP level 1. HP: 16/16 MP: 1/1
   239 | D:1      | Reached skill level 3 in Axes
   239 | D:1      | Gained mutation: You are partially covered in yellow scales. (AC +2) [demonic ancestry]
   239 | D:1      | Reached XP level 2. HP: 18/22 MP: 2/2
   724 | D:3      | Gained mutation: You regenerate a little health from kills. [demonic ancestry]
   724 | D:3      | Reached XP level 3. HP: 25/27 MP: 3/3
  1354 | D:3      | Noticed a phantom
  1357 | D:3      | Reached skill level 1 in Armour
  1364 | D:3      | Gained mutation: You are mostly covered in yellow scales. (AC +3) [demonic ancestry]
  1364 | D:3      | Reached XP level 4. HP: 9/33 MP: 4/4
  1372 | D:3      | Noticed Natasha
  1387 | D:3      | Killed Natasha
  1403 | D:3      | Killed a phantom
  1403 | D:3      | Reached skill level 4 in Axes
  1403 | D:3      | Reached XP level 5. HP: 19/39 MP: 5/5
  1452 | D:3      | HP: 1/39 [gnoll/spear (6)]
  1452 | D:3      | Slain by a gnoll

Vault maps used:
D:1:      wheals_arrival_linesprint
D:2:      minmay_hexomino_f4
D:3:      serial_glass, glass_columns_b, glass_columns_a,
          lexackson_kobold_supper, uniq_natasha

Skill      XL: |  1  2  3  4 |
---------------+-------------+-----
Axes           | 3 4 |  4.6
Dodging        | 3 |  3.3
Armour         | 1 |  1.3
Fighting       | |  2.7
Throwing       | |  1.8
Stealth        | |  0.7

Action                   |  1- 3 |  4- 6 || total
-------------------------+-------+-------++-------
Melee: War axe           |    91 |    41 ||   132
Throw: Tomahawk          |       |     4 ||     4
 Stab: Sleeping          |     9 |       ||     9
  Eat: Chunk             |     1 |     1 ||     2
Armor: Leather armour    |    34 |    13 ||    47
Dodge: Dodged            |    67 |    48 ||   115
Block: Other             |       |     5 ||     5

Table legend:
 A = Spawn XP
 B = Non-spawn XP
 C = Spawn XP percentage of total XP
 D = Spawn monster count
 E = Non-spawn monster count
 F = Spawn count percentage of total count
 G = Total turns spent on level
                    A         B        C        D         E        F      G
               +---------+---------+-------+---------+---------+-------+---------
         Total |       0 |     294 |   0.0 |       0 |      50 |   0.0 |  1452
               +---------+---------+-------+---------+---------+-------+---------
           D:1 |       0 |      36 |   0.0 |       0 |      15 |   0.0 |   703
           D:2 |       0 |      40 |   0.0 |       0 |      16 |   0.0 |   602
           D:3 |       0 |     218 |   0.0 |       0 |      19 |   0.0 |   147
               +---------+---------+-------+---------+---------+-------+---------
